 Dungeon Crawl Stone Soup version 0.28.0-45-g0d030f2227 (webtiles) character file.

Game seed: 956368727546491871

30 MisterFreud the Sneak (level 3, -1/24 HPs)
             Began as a Vampire Enchanter on Mar 31, 2022.
             Was a Follower of Sif Muna.
             Killed by nerve-wracking pain
             ... invoked by Jessica
              (14 damage)
             ... on level 2 of the Dungeon.
             The game lasted 00:02:17 (599 turns).

MisterFreud the Sneak (Vampire Enchanter)            Turns: 599, Time: 00:02:17

Health: -1/24      AC:  2    Str:  7    XL:     3   Next: 5%
Magic:  6/6        EV: 12    Int: 19    God:    Sif Muna [*.....]
Gold:   14         SH:  0    Dex: 14    Spells: 0/6 levels left

rFire   . . .      SeeInvis +   a - +1 dagger
rCold   . . .      Faith    .   (no shield)
rNeg    . . .      Spirit   .   b - +0 robe
rPois   .          Reflect  .   (no helmet)
rElec   .          Harm     .   (no cloak)
rCorr   .          Rampage  .   (no gloves)
Will    .....                   (no boots)
Stlth   +++.......              (no amulet)
HPRegen 0.28/turn               (no ring)
MPRegen 0.10/turn               (no ring)

@: healing quickly
A: alive, fangs 3, see invisible, vampiric 2
a: Exsanguinate, Renounce Religion, Channel Magic


You were on level 2 of the Dungeon.
You worshipped Sif Muna.
Sif Muna was aware of your devotion.
You visited 1 branch of the dungeon, and saw 2 of its levels.

You collected 14 gold pieces.

Inventory:

Hand Weapons
 a - a +1 dagger (weapon)
Missiles
 g - 6 poisoned darts (quivered)
Armour
 b - a +0 robe (worn)
Scrolls
 d - a scroll of identify {unknown}
 e - a scroll of noise {unknown}
 f - a scroll of amnesia {unknown}
 i - a scroll of blinking {unknown}
Potions
 c - a potion of invisibility
 h - a potion of lignification {unknown}
 j - 2 potions of berserk rage {unknown}


   Skills:
 + Level 3.0 Short Blades
 - Level 2.1 Dodging
 - Level 5.0 Stealth
 - Level 2.0 Spellcasting
 - Level 4.4 Hexes


You couldn't memorise any spells.
You knew the following spells:

 Your Spells              Type           Power      Damage    Failure   Level
a - Confusing Touch       Hex            18%        N/A       9%          3
b - Tukima's Dance        Hex            18%        N/A       9%          3

Your spell library contained the following spells:

 Spells                   Type           Power      Damage    Failure   Level
 Ensorcelled Hibernation  Hex/Ice        20%        N/A       11%         2
 Dazzling Flash           Conj/Hex       20%        N/A       21%         3


Dungeon Overview and Level Annotations

Branches:
Dungeon (2/15)

Altars:
Sif Muna

Annotations:
D:2 Jessica


Innate Abilities, Weirdness & Mutations

Your natural rate of healing is accelerated.
You have razor-sharp teeth.
You have supernaturally acute eyesight. (SInv)
You are afflicted with vampirism and can become a bat while bloodless.


Message History

The bat hits you but does no damage. The bat barely misses you.
You see here a +0 robe.
You miss the bat. The bat barely misses you.
Found 11 gold pieces.
The bat misses you.
There is a stone staircase leading up here.
The bat hits you but does no damage.
You climb upwards.
There is a stone staircase leading down here.
You hit the bat.
You kill the bat!
Sif Muna accepts your kill.
Your Short Blades skill increases to level 3!
No target in view!
Okay, then.
This spell is quite dangerous to cast!
Memorise Confusing Touch, consuming 3 spell levels and leaving 3?
You start memorising the spell.
You continue memorising. x3
You finish memorising.
Spell assigned to 'a'.
This spell is quite dangerous to cast!
Memorise Tukima's Dance, consuming 3 spell levels and leaving 0?
You start memorising the spell.
You continue memorising. x3
You finish memorising.
Spell assigned to 'b'.
Okay, then.
Done exploring.
You see here a +0 dagger.
There is a stone staircase leading down here.
You climb downwards.
Found 35 stones and 23 gold pieces.
There is a stone staircase leading up here.
The jackal barks! x2
Jessica shouts, "You are a ghastly nuisance!"
The jackal bites you. x2; The jackal barely misses you.
Jessica gestures at you while chanting. Pain shoots through your body!
Jessica gestures at you while chanting. Pain shoots through your body!
Ouch! That really hurt!
You die...

.... ...#
#######...###
#..........(. ###
#........$.#.
....#............
#.....h....@...
###h....h....#
#....h@..####
#..(..<..#
#........#
..........$...
.##........####
#........#
##########


You could see Jessica and 4 jackals.

Vanquished Creatures
  A dart slug (D:1)
  3 ball pythons (D:1)
  5 bats (D:1)
  2 endoplasms (D:1)
  A giant cockroach (D:1)
  3 goblins (D:1)
  3 hobgoblins (D:1)
  2 kobolds
  3 frilled lizards (D:1)
  2 rats (D:1)
25 creatures vanquished.

Notes
Turn   | Place    | Note
-------+----------+-------------------------------------------
     0 | D:1      | MisterFreud the Vampire Enchanter began the quest for the
                  | Orb.
     0 | D:1      | Reached XP level 1. HP: 13/13 MP: 3/3
   139 | D:1      | Found a faded altar of an unknown god.
   152 | D:1      | Reached skill level 5 in Stealth
   152 | D:1      | Reached XP level 2. HP: 17/19 MP: 5/5
   179 | D:1      | Prayed at the altar of an unknown god.
   179 | D:1      | Became a worshipper of Sif Muna the Loreminder
   179 | D:1      | Reached * piety under Sif Muna
   382 | D:1      | Gained mutation: You are afflicted with vampirism and can
                  | become a bat while bloodless. [Vampire growth]
   382 | D:1      | Reached XP level 3. HP: 17/24 MP: 6/6
   561 | D:1      | Learned a level 3 spell: Confusing Touch
   565 | D:1      | Learned a level 3 spell: Tukima's Dance
   594 | D:2      | Noticed Jessica
   599 | D:2      | Killed from afar by Jessica

Illustrated notes

Levels and vault maps discovered:
D:1:      lemuel_arrival_hallway, layout_basic, ebering_ecumenical_altar_mist,
          minmay_pentomino_z4
D:2:      layout_rooms, hangedman_decor_push, minmay_misc_feat_square,
          uniq_jessica, uniq_natasha

Skill      XL: |  1  2  3 |
---------------+----------+-----
Stealth        | 5 |  5.0
Short Blades   | 2 3 |  3.0
Dodging        | |  2.1
Spellcasting   | |  2.0
Hexes          | |  4.4

Action                   || total
-------------------------++-------
Melee: Dagger            ||    83
       Bite              ||     7
       Punch             ||     1
 Stab: Sleeping          ||     8
Armor: Robe              ||    13
Dodge: Dodged            ||    54
